 Dungeon Crawl Stone Soup version 0.29-a0-106-g0a07039d5a (webtiles) character file.

Game seed: 7717995370284403299

109 YayAnonymity the Bolt Thrower (level 4, 0/40 HPs)
             Began as a Minotaur Hunter on Feb 16, 2022.
             Slain by Sigmund (4 damage)
             ... on level 3 of the Dungeon.
             The game lasted 00:06:24 (2813 turns).

YayAnonymity the Bolt Thrower (Minotaur Hunter)     Turns: 2813, Time: 00:06:25

Health: 0/40       AC:  6    Str: 18    XL:     4   Next: 60%
Magic:  3/3        EV: 11    Int:  8    God:
Gold:   98         SH:  0    Dex: 11    Spells: 3/3 levels left

rFire   . . .      SeeInvis .   t - +1 dagger (elec)
rCold   . . .      Faith    .   (no shield)
rNeg    . . .      Spirit   .   f - +0 ring mail
rPois   .          Reflect  .   (helmet restricted)
rElec   .          Harm     .   (no cloak)
rCorr   .          Rampage  .   q - +0 pair of gloves
Will    .....                   (no boots)
Stlth   ..........              (no amulet)
HPRegen 0.13/turn               (no ring)
MPRegen 0.08/turn               (no ring)

@: confused, flying
A: horns 2, retaliatory headbutt
a: no special abilities


You were on level 3 of the Dungeon.
You visited 1 branch of the dungeon, and saw 3 of its levels.

You collected 98 gold pieces.

Inventory:

Hand Weapons
 a - a +0 arbalest
 b - a +1 falchion of holy wrath
 t - a +1 dagger of electrocution (weapon)
Missiles
 d - 42 bolts
 i - 6 poisoned darts (quivered)
Armour
 f - a +0 ring mail (worn)
 q - a +0 pair of gloves (worn)
Jewellery
 h - a ring of magical power
 n - a ring of wizardry
 r - a +6 ring of intelligence
Wands
 u - a wand of polymorph (12)
Scrolls
 c - a scroll of amnesia {unknown}
 e - 2 scrolls of teleportation {unknown}
 g - a scroll of noise {unknown}
 j - 4 scrolls of identify {unknown}
 m - a scroll of summoning {unknown}
 s - a scroll of acquirement {unknown}
Potions
 k - a potion of lignification {unknown}
 l - a potion of cancellation {unknown}
 o - a potion of brilliance {unknown}
 p - a potion of flight
 v - a potion of magic {unknown}
 w - a potion of curing {unknown}


   Skills:
 + Level 3.8 Fighting
 * Level 6.0 Crossbows
 - Level 2.1 Dodging
 - Level 0.7 Stealth


You had 3 spell levels left.
You didn't know any spells.
Your spell library contained the following spells:

 Spells                   Type           Power      Damage    Failure   Level
 Gell's Gravitas          Tloc           0%         N/A       93%         3
 Lesser Beckoning         Tloc           0%         N/A       93%         3
 Teleport Other           Tloc           0%         N/A       93%         3


Dungeon Overview and Level Annotations

Branches:
Dungeon (3/15)

Altars:

Shops:
D:1 (

Annotations:
D:3 Sigmund


Innate Abilities, Weirdness & Mutations

You have a pair of horns on your head.
You reflexively headbutt those who attack you in melee.


Message History

Sigmund barely misses you.
You hit Sigmund. Your headbutt misses Sigmund.
Sigmund is lightly wounded.
Sigmund casts a spell.
Sigmund flickers and vanishes!
Deactivating autopickup; reactivate with Ctrl-A.
You hit something but do no damage. You headbutt something. Something hits you.
You barely miss something. You miss something. Something hits you.
You hit something.
You hear some strange, mumbled words.
You are confused.
You completely miss something. Something completely misses you.
You barely miss something. Your headbutt misses something.
You closely miss something. Something hits you.
You miss something. Something hits you!
You completely miss something. Something hits you but does no damage.
Okay, then.
It was a potion of flight.
You feel very buoyant.
You fly up into the air.
You feel less confused. Something hits you.
You barely miss something. Your headbutt misses something. Something hits you.
* * * LOW HITPOINT WARNING * * *
You miss something.
You hear some strange, mumbled words.
A puff of flame appears from out of thin air!
The puff of flame hits you.
* * * LOW HITPOINT WARNING * * *
You hit something. Lightning courses through something!
Your headbutt misses something.
You hear some strange, mumbled words.
You are confused.
You miss something. Your headbutt misses something.
Your punch misses something. Something hits you but does no damage.
You bump into the rock wall.
You bump into the rock wall.
Something hits you.
You die...

#.# #^....
#.# ###### .
#.# .. #.#
...### #.#
####
..(...####.#
#...
#........#.#
####
#........#
#####@{.##
#####


There were no monsters in sight!

Vanquished Creatures
  Robin (D:2)
  2 adders
  3 dart slugs
  5 orcs (D:3)
  2 endoplasms (D:1)
  3 giant cockroaches
  18 goblins
  3 hobgoblins (D:1)
  5 jackals (D:1)
  4 kobolds
  3 quokkas
  7 ball pythons
  4 bats
  A frilled lizard (D:1)
  A rat (D:1)
62 creatures vanquished.

Notes
Turn   | Place    | Note
-------+----------+-------------------------------------------
     0 | D:1      | YayAnonymity the Minotaur Hunter began the quest for the
                  | Orb.
     0 | D:1      | Reached XP level 1. HP: 18/18 MP: 0/0
   128 | D:1      | Found Mourgh's Antique Weapon Shoppe.
   128 | D:1      | You fall into a shaft and drop 1 floor!
   141 | D:2      | Noticed Robin
   153 | D:1      | Reached XP level 2. HP: 16/25 MP: 1/1
   392 | D:1      | Reached skill level 5 in Crossbows
   641 | D:2      | Killed Robin
   642 | D:2      | Reached XP level 3. HP: 9/31 MP: 2/2
   863 | D:2      | Identified the +1 leather armour "Kiegap" {*Corrode rPois
                  | Int+3}
  1827 | D:2      | Found a faded altar of an unknown god.
  2029 | D:2      | Reached XP level 4. HP: 30/39 MP: 3/3
  2703 | D:3      | Reached skill level 6 in Crossbows
  2785 | D:3      | Noticed Sigmund
  2813 | D:3      | Slain by Sigmund

Illustrated notes

Levels and vault maps discovered:
D:1:      dpeg_arrival_rooms_b, layout_loops_ring, serial_shops,
          nicolae_shop_behind_doors, minivault_11, due_unseen_surprise
D:2:      layout_rooms, shapermc_ecumenical_altar_mp_highgroup, uniq_robin
D:3:      layout_basic, serial_curves, eino_curves_04, eino_curves_01,
          uniq_sigmund

Skill      XL: |  1  2  3  4 |
---------------+-------------+-----
Fighting       | 3 |  3.8
Crossbows      | 5 6 |  6.0
Dodging        | |  2.1
Stealth        | |  0.7

Action                   |  1- 3 |  4- 6 || total
-------------------------+-------+-------++-------
Melee: Short sword       |    66 |       ||    66
       Headbutt          |    13 |    10 ||    23
       Falchion          |    23 |     1 ||    24
       Hand axe          |    10 |       ||    10
       Dagger            |       |    53 ||    53
       Punch             |       |     1 ||     1
 Fire: Hand crossbow     |     4 |       ||     4
  Use: Potion            |       |     1 ||     1
Armor: Leather armour    |    26 |       ||    26
       Ring mail         |    30 |    21 ||    51
Dodge: Dodged            |    68 |    27 ||    95

Table legend: (Time is in decaauts)
 A = Elapsed time spent in this place.
 B = Non-inter-level travel time spent in this place.
 C = Inter-level travel time spent in this place.
 D = Time resting spent in this place.
 E = Time spent auto-exploring this place.
 F = Levels seen in this place.
 G = Mean time per level.
                   A        B        C        D        E       F      G
               +--------+--------+--------+--------+--------+-----+--------+
         Total |   2833 |   2636 |    197 |    650 |   1414 |   3 |  944.3 |
       Dungeon |   2833 |   2636 |    197 |    650 |   1414 |   3 |  944.3 |
               +--------+--------+--------+--------+--------+-----+--------+

Top non-repeatable levels by time:
     D:1: 1450 daAuts
     D:2: 805 daAuts
     D:3: 577 daAuts
